 Dungeon Crawl Stone Soup version 0.27-a0-223-ge082b6e869 (webtiles) character file.

Game seed: 18062885879599333172

8540 sanka the Spry (level 11, -3/56 HPs)
             Began as a Spriggan Enchanter on Feb 1, 2021.
             Was an Elder of Ru.
             Slain by an orc warrior
             ... wielding a +0 battleaxe
              (16 damage)
             ... on level 10 of the Dungeon.
             The game lasted 00:22:24 (13940 turns).

sanka the Spry (Spriggan Enchanter)                Turns: 13940, Time: 00:22:25

Health: -3/56      AC:  7    Str:  4    XL:     11   Next: 11%
Magic:  31/31      EV: 33    Int: 21    God:    Ru [****..]
Gold:   596        SH:  0    Dex: 21    Spells: 16/22 levels left

rFire    . . .     SeeInvis +   b - +7 Singing Sword {vorpal, sonic wave}
rCold    . . .     Faith    +   (shield currently unavailable)
rNeg     . . .     Spirit   .   D - +2 robe {Will+}
rPois    +         Reflect  .   K - +3 hat of Pondering {ponderous, Will+ MP+10 Int+5}
rElec    .         Harm     .   g - scarf {shadows}
rCorr    .         Rampage  .   (gloves unavailable)
Will     +++..                  (boots unavailable)
Stlth    ++++++....             u - amulet of faith
HPRegen  0.18/turn              N - ring of poison resistance
MPRegen  0.22/turn              c - ring of wizardry

@: very quick
A: very small, unfitting armour, see invisible, speed 3, inability to use
devices, inexperienced 1
a: Renounce Religion, Draw Out Power, Power Leap


You were on level 10 of the Dungeon.
You worshipped Ru.
Ru was greatly pleased with you.
You visited 1 branch of the dungeon, and saw 10 of its levels.

You collected 596 gold pieces.


Innate Abilities, Weirdness & Mutations

You are very small and have problems with some larger weapons.
You are too small for most types of armour.
You have supernaturally acute eyesight. (SInv)
You cover ground extremely quickly.
You cannot study or use magical devices.
You are somewhat inexperienced. (-2 XL)


   Skills:
 + Level 5.2 Fighting
 + Level 7.4 Short Blades
 - Level 15.0 Dodging
 + Level 13.0 Stealth
 - Level 6.0 Spellcasting
 + Level 7.9 Hexes


You had 16 spell levels left.
You knew the following spells:

 Your Spells              Type           Power        Failure   Level
x - Confusing Touch       Hex            39%          1%          3
z - Ensorcelled Hibernat  Hex/Ice        44%          1%          2
Z - Corona                Hex            43%          1%          1

Your spell library contained the following spells:

 Spells                   Type           Power        Failure   Level
 Tukima's Dance           Hex            39%          1%          3
 Dazzling Flash           Conj/Hex       44%          2%          3
 Sandblast                Erth           12%          4%          1
 Shock                    Conj/Air       24%          4%          1
 Passwall                 Tmut/Erth      5%           6%          2
 Swiftness                Air            6%           6%          2
 Static Discharge         Conj/Air       6%           12%         3
 Stone Arrow              Conj/Erth      12%          12%         3
 Airstrike                Air            3%           34%         4
 Petrify                  Tmut/Erth      6%           34%         4
 Bolt of Magma            Conj/Fire/Erth 3%           69%         5
 Iskenderun's Battlesphe  Conj           6%           69%         5
 Lee's Rapid Deconstruct  Erth           3%           69%         5
 Lightning Bolt           Conj/Air       3%           69%         5
 Iron Shot                Conj/Erth      3%           99%         6
 Orb of Destruction       Conj           3%           100%        7
 Spellforged Servitor     Conj/Summ      3%           100%        7

Inventory:

Hand Weapons
 a - a +2 dagger of flaming
 b - the +7 Singing Sword (weapon) {vorpal, sonic wave}

   It inflicts extra damage upon your enemies.
 v - the +6 hand axe of Cauzanet {vorpal, rF- rC+ Int+4 Dex+4}

   It inflicts extra damage upon your enemies.
   It affects your intelligence (+4).
   It affects your dexterity (+4).
   It makes you vulnerable to fire.
   It protects you from cold.
 z - the +3 hunting sling "Ohotasul" {flame, Int+4}

   It causes projectiles fired from it to burn those they strike, causing extra
   injury to most foes and up to half again as much damage against particularly
   susceptible opponents.
   It affects your intelligence (+4).
Missiles
 k - 114 poisoned darts
 p - a throwing net {=f}
 I - 6 curare-tipped darts (quivered) {=f}
Armour
 g - a scarf of shadows (worn)
 j - a +0 buckler
 D - a +2 robe of willpower (worn)
 K - the +3 hat of Pondering (worn) {ponderous, Will+ MP+10 Int+5}

   It affects your intelligence (+5).
   It affects your willpower, your defense against some magical effects.
   It affects your magic capacity (+10).
 O - the +0 robe of Elitism {rF+ Will+ Stlth+}

   It protects you from fire.
   It affects your willpower, your defense against some magical effects.
   It makes you more stealthy.
Magical Staves
 x - an uncursed staff of earth {unknown}
Jewellery
 c - a ring of wizardry (right hand)
 o - an uncursed amulet of guardian spirit
 u - an amulet of faith (around neck)
 y - an uncursed amulet of regeneration {unknown}
 N - a ring of poison resistance (left hand)
Wands
 G - a wand of flame (19)
 J - a wand of charming (8)
Scrolls
 d - 3 scrolls of magic mapping {unknown}
 e - 4 scrolls of fog {unknown}
 f - 8 scrolls of identify {unknown}
 h - 6 scrolls of remove curse {unknown}
 n - 4 scrolls of teleportation {unknown}
 A - 2 scrolls of enchant armour {unknown}
 C - 2 scrolls of fear {unknown}
 E - a scroll of amnesia {unknown}
 F - a scroll of summoning {unknown}
 L - a scroll of random uselessness {unknown}
 M - a scroll of holy word {unknown}
Potions
 i - a potion of flight {unknown}
 l - a potion of might {unknown}
 m - a potion of invisibility {unknown}
 q - 8 potions of haste {unknown}
 r - 2 potions of brilliance {unknown}
 s - 5 potions of heal wounds {unknown}
 t - a potion of magic {unknown}
 w - a potion of mutation {unknown}
 B - 6 potions of curing {unknown}
 H - a potion of lignification {unknown}
 P - a potion of cancellation {unknown}

Dungeon Overview and Level Annotations

Branches:
Dungeon (10/15)            Temple (0/1) D:6            Lair (0/6) D:8
    Orc (0/2) D:10

Altars:
Dithmenos
Fedhas
Kikubaaqudgha
Makhleb
Nemelex Xobeh
Okawaru
Qazlal
Ru
Trog
Uskayaw
Vehumet
Wu Jian
Xom
Beogh

Annotations:
D:3 Megustar's ghost, amateur DEAE

▒...........▒.......
▒...........▒.......
▒▒..........▒.......
▒.........▒▒....)..
▒▒▒▒▒▒▒▒.▒▒▒...)...
▒▒..[.▒ ▒.......
▒▒▒..▒▒▒▒▒▒▒▒▒▒▒▒.
▒...▒▒ ▒.....▒8).
▒i▒▒▒ ▒.....▒... ▒o▒
▒.._..)..>


)o) ▒...).▒... ▒[))£ ▒.....▒8.. ▒.)).. ▒▒▒▒▒▒▒▒.. ▒.))))† ▒.... ▒)..))▒▒ ▒....
▒▒▒▒▒ You could see an orc warrior and an orc.


Message History

The orc warrior misses you. The orc warrior misses you.
Unknown command.
You slash the orc!
You kill the orc!
The orc warrior misses you. The orc warrior completely misses you.
Unknown command.
You barely miss the orc.
The orc is severely wounded.
The orc completely misses you.
You riposte.
You hit the orc.
The Singing Sword repeatedly practises the high pitch.
You send a blast of sound all around you.
The orc warriors and the orcs are blasted.
You kill the orc warrior!
The orc warrior is almost dead.
You kill the orc!
You kill the orc warrior!
You kill the orc!
You kill the orc!
Unknown command.
You closely miss the orc warrior.
The orc warrior is almost dead.
The orc warrior completely misses you.
You barely miss the orc warrior.
The orc warrior is almost dead.
The orc warrior hits you with a +0 battleaxe!
You die...

Action                   |  1- 3 |  4- 6 |  7- 9 | 10-12 || total
-------------------------+-------+-------+-------+-------++-------
Melee: Dagger            |    65 |   130 |   129 |       ||   324
       Double sword      |       |       |   158 |    95 ||   253
Throw: Dart              |       |       |     2 |       ||     2
 Cast: Corona            |     5 |       |       |       ||     5
       Ensorcelled Hiber |    26 |    39 |    58 |       ||   123
       Confusing Touch   |       |     1 |     9 |       ||    10
Invok: Sacrifice Experie |       |       |     1 |       ||     1
       Sacrifice Artific |       |       |       |     1 ||     1
       Reject Sacrifices |       |       |       |     1 ||     1
 Stab: Sleeping          |    25 |    34 |    44 |     5 ||   108
       Distracted        |     1 |     1 |       |     3 ||     5
       Confused          |       |     1 |     5 |       ||     6
       Held in net/web   |       |     2 |       |       ||     2
       Invisible         |       |       |       |     1 ||     1
Armor: Robe              |     7 |     7 |    18 |     3 ||    35
Dodge: Dodged            |    70 |   100 |   281 |   123 ||   574
       Rpst.: Double sword |       |       |    51 |    32 ||    83

Levels and vault maps discovered:
D:1:      ncdulo_lavacross, layout_basic, corner_web_ring
D:2:      minmay_razor_zed, layout_loops_corners,
          grunt_temple_overflow_growth_and_decay, grunt_qazlal_sundering,
          st_stairs_11, kennysheep_another_room, uniq_natasha, uniq_jessica
D:3:      layout_basic, grunt_dithmenos_smoke, hangedman_decor_growths
D:4:      old_forge, layout_basic, biasface_ghost_orc_armoury
D:5:      layout_loops_ring, grunt_temple_overflow_lords_of_destruction,
          gammafunk_temple_overflow_pools, eino_tiny_chamber
D:6:      layout_rooms, kennysheep_little_box, lemuel_coloured_pillars_altar,
          kennysheep_mini_moat, minmay_temple_entry_poolview,
          nicolae_ru_sacrificial_ziggurat, uniq_blork_the_orc
D:7:      layout_basic, basic_altar
D:8:      layout_loops_cross, lair_entry_dummy, serial_rivers,
          chequers_serial_rivers_micro_a, chequers_serial_rivers_micro_c,
          chequers_serial_rivers_room_a, chequers_serial_rivers_micro_c,
          chequers_serial_rivers_room_a, feat_on_display
D:9:      layout_cave_pools, bloody_trog, uniq_gastronok
D:10:     layout_roguey [special_room_orc], minmay_orc_entry_temple_small,
          basic_altar

Notes
Turn   | Place    | Note
-------+----------+-------------------------------------------
     0 | D:1      | sanka the Spriggan Enchanter began the quest for the Orb.
     0 | D:1      | Reached XP level 1. HP: 9/9 MP: 5/5
   541 | D:1      | Reached skill level 5 in Stealth
   567 | D:1      | Reached XP level 2. HP: 13/13 MP: 4/6
   587 | D:1      | Learned a level 2 spell: Ensorcelled Hibernation
   940 | D:1      | Reached skill level 6 in Stealth
  1839 | D:2      | Reached XP level 3. HP: 15/16 MP: 2/8
  1845 | D:2      | Learned a level 3 spell: Confusing Touch
  2328 | D:2      | Reached skill level 7 in Stealth
  2393 | D:2      | Noticed Jessica
  2399 | D:2      | Killed Jessica
  2400 | D:2      | Reached XP level 4. HP: 21/21 MP: 6/9
  2429 | D:2      | Found a stormy altar of Qazlal.
  2675 | D:2      | Reached skill level 8 in Stealth
  2787 | D:2      | Reached skill level 2 in Short Blades
  3446 | D:2      | Found an ancient bone altar of Kikubaaqudgha.
  3447 | D:2      | Found a blossoming altar of Fedhas.
  3475 | D:2      | Noticed Natasha
  3481 | D:2      | Killed Natasha
  3482 | D:2      | Reached skill level 3 in Short Blades
  3482 | D:2      | Reached XP level 5. HP: 24/24 MP: 10/10
  4131 | D:3      | Reached skill level 4 in Short Blades
  4342 | D:3      | Found a shadowy altar of Dithmenos.
  4555 | D:4      | Reached XP level 6. HP: 28/28 MP: 8/11
  4590 | D:4      | Reached skill level 5 in Short Blades
  4590 | D:4      | Reached skill level 3 in Spellcasting
  4590 | D:4      | Reached skill level 4 in Hexes
  4705 | D:4      | Found the +7 Singing Sword {vorpal, sonic wave}
  4716 | D:4      | Reached skill level 5 in Hexes
  4928 | D:4      | Reached skill level 1 in Fighting
  4928 | D:4      | Reached XP level 7. HP: 33/33 MP: 9/12
  4976 | D:4      | Reached skill level 4 in Dodging
  5278 | D:4      | Found a runed translucent gate.
  5278 | D:4      | Identified the +6 hand axe of Cauzanet {vorpal, rF- rC+
                  | Int+4 Dex+4}
  5278 | D:4      | Identified the +5 ring mail "Ashrer" {rC+}
  5279 | D:4      | Found a runed translucent gate.
  5279 | D:4      | Noticed Megustar's ghost (amateur DEAE)
  5280 | D:4      | Found a runed translucent gate.
  5613 | D:4      | Reached skill level 2 in Fighting
  5613 | D:4      | Reached skill level 5 in Dodging
  6651 | D:2      | Noticed Natasha
  6683 | D:2      | Killed Natasha
  6880 | D:2      | Found an ancient bone altar of Kikubaaqudgha.
  6880 | D:2      | Found a blossoming altar of Fedhas.
  7104 | D:2      | Found a stormy altar of Qazlal.
  7184 | D:2      | Noticed Natasha
  7319 | D:2      | Killed Natasha
  7320 | D:2      | Reached skill level 6 in Dodging
  8004 | D:4      | Reached skill level 3 in Fighting
  8017 | D:4      | Found a roughly hewn altar of Beogh.
  8236 | D:4      | Got a slimy hunting sling
  8237 | D:4      | Identified the +3 hunting sling "Ohotasul" {flame, Int+4}
                  | (You found it on level 4 of the Dungeon)
  8249 | D:5      | Entered Level 5 of the Dungeon
  8270 | D:5      | Reached skill level 7 in Dodging
  8277 | D:5      | Found a burning altar of Makhleb.
  8277 | D:5      | Found a radiant altar of Vehumet.
  8439 | D:5      | Reached XP level 8. HP: 36/40 MP: 5/13
  8556 | D:5      | Found an ornate altar of the Wu Jian Council.
  8557 | D:5      | Found an iron altar of Okawaru.
  8603 | D:5      | Reached skill level 8 in Dodging
  9197 | D:6      | Reached skill level 9 in Stealth
  9234 | D:6      | Found a sacrificial altar of Ru.
  9237 | D:6      | Became a worshipper of Ru the Awakened
  9302 | D:6      | Reached skill level 10 in Stealth
  9590 | D:6      | Reached skill level 11 in Stealth
  9602 | D:6      | Found a shimmering altar of Xom.
  9653 | D:6      | Noticed Blork the orc
  9661 | D:6      | Killed Blork the orc
  9710 | D:6      | Reached skill level 9 in Dodging
  9711 | D:6      | Reached XP level 9. HP: 44/44 MP: 15/15
  9786 | D:6      | Found a sacrificial altar of Ru.
  9877 | D:6      | Found a staircase to the Ecumenical Temple.
  9922 | D:6      | Found a sparkling altar of Nemelex Xobeh.
 10042 | D:7      | Reached skill level 10 in Dodging
 10055 | D:7      | Found a shimmering altar of Xom.
 10150 | D:7      | Reached skill level 11 in Dodging
 10874 | D:8      | Gained mutation: You are somewhat inexperienced. (-2 XL)
                  | [Ru sacrifice]
 10874 | D:8      | Reached XP level 8. HP: 40/40 MP: 14/14
 10874 | D:8      | Reached XP level 7. HP: 36/36 MP: 13/13
 10874 | D:8      | Reached * piety under Ru
 10874 | D:8      | Reached ** piety under Ru
 10921 | D:8      | Reached skill level 12 in Dodging
 11178 | D:8      | Reached XP level 8. HP: 23/40 MP: 14/14
 11534 | D:8      | Found a staircase to the Lair.
 11584 | D:8      | Noticed a red ugly thing
 11596 | D:8      | Killed a red ugly thing
 11597 | D:8      | Reached skill level 13 in Dodging
 11948 | D:9      | Found a bloodstained altar of Trog.
 11965 | D:9      | Reached skill level 14 in Dodging
 11966 | D:9      | Reached XP level 9. HP: 20/44 MP: 15/15
 12158 | D:9      | Noticed a troll
 12165 | D:9      | Killed a troll
 12166 | D:9      | Reached skill level 15 in Dodging
 12175 | D:9      | Noticed Gastronok
 12454 | D:9      | Killed Gastronok
 12455 | D:9      | Reached skill level 4 in Fighting
 12455 | D:9      | Reached skill level 6 in Short Blades
 12455 | D:9      | Reached skill level 5 in Spellcasting
 12455 | D:9      | Reached skill level 6 in Hexes
 12455 | D:9      | Reached XP level 10. HP: 49/49 MP: 15/18
 12464 | D:9      | Reached skill level 12 in Stealth
 12465 | D:9      | Noticed a two-headed ogre
 12471 | D:9      | Killed a two-headed ogre
 12491 | D:9      | Gained mutation: You cannot study or use magical devices.
                  | [Ru sacrifice]
 12491 | D:9      | Reached *** piety under Ru
 12491 | D:9      | Reached **** piety under Ru
 12921 | D:10     | Entered Level 10 of the Dungeon
 13114 | D:10     | Reached skill level 7 in Hexes
 13374 | D:10     | Noticed an unseen horror
 13380 | D:10     | Killed an unseen horror
 13381 | D:10     | Reached skill level 7 in Short Blades
 13381 | D:10     | Reached skill level 6 in Spellcasting
 13507 | D:10     | Got a bloodstained robe
 13518 | D:10     | Identified the +0 robe of Elitism {rF+ Will+ Stlth+} (You
                  | found it on level 10 of the Dungeon)
 13552 | D:10     | Found a hide-covered altar of Uskayaw.
 13606 | D:10     | Noticed a gargoyle
 13612 | D:10     | Killed a gargoyle
 13613 | D:10     | Reached skill level 5 in Fighting
 13613 | D:10     | Reached XP level 11. HP: 40/55 MP: 21/21
 13871 | D:10     | Found a staircase to the Orcish Mines.
 13883 | D:10     | Found a roughly hewn altar of Beogh.
 13935 | D:10     | Reached skill level 13 in Stealth
 13940 | D:10     | Slain by an orc warrior

Vanquished Creatures
  Gastronok (D:9)
  A two-headed ogre (D:9)
  An unseen horror (D:10)
  An ugly thing (D:8)
  A centaur zombie (D:9)
  A gargoyle (D:10)
  2 trolls (D:9)
  A wyvern (D:10)
  3 yaks (D:10)
  A vampire (D:8)
  3 ice beasts
  2 black bears (D:8)
  2 sky beasts
  7 ogres
  9 orc warriors
  A necrophage (D:10)
  3 centaurs
  Blork the orc (D:6)
  2 phantoms
  5 bullfrogs
  A big kobold (D:8)
  A wyvern zombie (D:9)
  6 scorpions
  6 killer bees (D:7)
  7 wights
  4 howler monkeys
  A crimson imp (D:5)
  3 bullfrog zombies
  2 jellies
  9 orc priests
  2 quasits (D:10)
  A gnoll shaman (D:6)
  5 hounds
  Jessica (D:2)
  5 orc wizards
  Natasha (thrice) (D:2)
  4 iguanas
  7 worker ants
  A hound skeleton (D:7)
  A worker ant zombie (D:10)
  13 gnolls
  17 adders
  A shadow imp (D:5)
  A white imp (D:10)
  An ufetubus (D:6)
  An adder skeleton (D:2)
  A worm (D:3)
  6 dart slugs
  6 leopard geckos
  53 orcs
  A ball python (D:5)
  7 bats
  9 giant cockroaches
  5 goblins
  6 hobgoblins
  19 jackals
  3 quokkas
  6 frilled lizards (D:2)
  11 kobolds
  A leopard gecko skeleton (D:4)
  2 quokka skeletons (D:7)
  5 rats
293 creatures vanquished.

Vanquished Creatures (others)
  An orc (D:8)
  A goblin (D:1)
  13 fungi (D:4)
  6 plants (D:2)
  5 withered plants (D:2)
26 creatures vanquished.

Grand Total: 319 creatures vanquished
